 Dungeon Crawl Stone Soup version 0.26-a0-668-gd58323b419 (webtiles) character file.

Game seed: 5641592939891667898

469 strifetoe the Conjurer (level 6, -1/48 HPs)
             Began as a Palentonga Hedge Wizard on Oct 19, 2020.
             Was an Initiate of Ashenzari.
             Slain by Pikel
             ... wielding a +2 whip of freezing
              (6 damage)
             ... on level 4 of the Dungeon.
             The game lasted 00:11:36 (7393 turns).

strifetoe the Conjurer (Palentonga Hedge Wizard)    Turns: 7393, Time: 00:11:36

Health: -1/48      AC:  9    Str: 14 (16) XL:     6   Next: 82%
Magic:  3/10       EV: 10    Int: 14      God:    Ashenzari [......]
Gold:   161        SH:  0    Dex:  9 (11) Spells: 3/11 levels left

rFire    . . .     SeeInvis +   q - +4 short sword
rCold    . . .     Faith    .   (no shield)
rNeg     . . .     Spirit   .   f - +2 robe {MR+}
rPois    .         Reflect  .   c - +0 hat
rElec    .         Harm     .   p - +0 cloak
rCorr    .         Rampage  .   d - +1 pair of gloves
MR       +....     Rnd*Rage +   (no barding)
Stlth    +.........             (no amulet)
HPRegen  0.16/turn              (no ring)
MPRegen  0.12/turn              (no ring)

@: no status effects
A: large, rugged brown scales 3, see invisible, agile 1, berserk 1, deformed
body, roll, armoured tail
a: Rolling Charge, Curse Item, Renounce Religion


You were on level 4 of the Dungeon.
You worshipped Ashenzari.
Ashenzari was noncommittal.
You visited 1 branch of the dungeon, and saw 4 of its levels.

You collected 161 gold pieces.

Inventory:

Hand Weapons
 q - a +4 short sword (weapon)
Armour
 b - a +0 robe
 c - a +0 hat (worn)
 d - a +1 pair of gloves (worn)
 f - a +2 robe of magic resistance (worn)
 p - a +0 cloak (worn)
Jewellery
 g - an uncursed amulet of guardian spirit
 m - an uncursed ring of ice
Wands
 r - a wand of digging (5)
Scrolls
 a - 4 scrolls of identify {unknown}
 e - a scroll of fear {unknown}
 i - 4 scrolls of remove curse
 j - 2 scrolls of noise {unknown}
 l - a scroll of enchant armour {unknown}
 n - 3 scrolls of enchant weapon {unknown}
 o - 2 scrolls of magic mapping {unknown}
Potions
 h - 2 potions of haste {unknown}
 k - a potion of flight {unknown}


   Skills:
 - Level 1.5 Dodging
 - Level 1.2 Stealth
 - Level 3.0 Spellcasting
 - Level 4.2 Conjurations
 - Level 2.2 Summonings
 - Level 1.0 Translocations
 - Level 2.1 Air Magic
 + Level 2.8 Poison Magic


You had 3 spell levels left.
You knew the following spells:

 Your Spells              Type           Power        Failure   Level
a - Magic Dart            Conj           ##..         3%          1
b - Call Imp              Summ           #.......     13%         2
c - Mephitic Cloud        Conj/Pois/Air  ##......     19%         3
d - Blink                 Tloc           N/A          22%         2

Your spell library contained the following spells:

 Spells                   Type           Power        Failure   Level
 Conjure Flame            Conj/Fire      #.......     26%         3
 Slow                     Hex            #.......     32%         2


Dungeon Overview and Level Annotations

Branches:
Dungeon (4/15)
 Temple: D:4-7

Altars:
Ashenzari
Sif Muna
Uskayaw

Annotations:
D:4 Grinder, Pikel


Innate Abilities, Weirdness & Mutations

You are completely covered in rugged brown scales. (AC +3, +7% HP)
You have supernaturally acute eyesight. (SInv)
Armour fits poorly on your strangely shaped body.
You can roll at foes to attack.
You have a long armoured tail.
You are agile. (Dex +2)
You tend to lose your temper in combat.


Message History

Grinder is severely wounded.
You feel sick.
Grinder blinks!
Evoke which item? (* to show all) (? for menu, Esc to quit)
Okay, then.
Casting: Call Imp (safe; 13% risk of failure)
Confirm with . or Enter, or press ? or * to list all spells.
Aiming: Magic Dart (safe; 3% risk of failure)
Press: ? - help, Shift-Dir - straight line, f - Grinder
Aim: Grinder (severely wounded)
The magic dart hits Grinder but does no damage.
Grinder is severely wounded.
Grinder blinks!
Unknown command.
You start resting.
Pikel is nearby!
Pikel is nearby!
You swap places.
You feel sick.
You are no longer poisoned.
Pikel hits you with a +2 whip of freezing.
You die...

..........#........
#..............
#......#...#...
#...(......##..
###...........#..
###..)#....(.......
#..5.##........#..(
#..5####..5.......#
##.@## #........###
#..K####...#......#
#.........##.......
#####.........##.......
........##.....#......
#####.......... ...
#...........
#......#..##
##..##.#.#.#


You could see Pikel, a friendly iron imp (summoned) and a friendly crimson imp
(summoned).

Vanquished Creatures
  2 lemures
  Crazy Yiuf (D:2)
  4 orc priests (D:3)
  3 orc wizards
  3 hound skeletons
  7 adders
  An ooze (D:2)
  2 adder skeletons
  An adder zombie (D:2)
  4 worms
  A dart slug (D:1)
  3 leopard geckos
  10 orcs
  A bat skeleton (D:2)
  6 giant cockroaches
  8 goblins
  11 hobgoblins
  5 jackals
  A ball python (D:3)
  A ball python zombie (D:2)
  11 bats
  4 frilled lizards
  6 kobolds
  5 rats
101 creatures vanquished.

Vanquished Creatures (collateral kills)
  An adder (D:4)
  3 orcs
  A hobgoblin (D:3)
  A quokka (D:3)
6 creatures vanquished.

Vanquished Creatures (others)
  2 withered plants (D:2)
2 creatures vanquished.

Grand Total: 109 creatures vanquished

Notes
Turn   | Place    | Note
-------+----------+-------------------------------------------
     0 | D:1      | strifetoe the Palentonga Hedge Wizard began the quest for
                  | the Orb.
     0 | D:1      | Reached XP level 1. HP: 14/14 MP: 4/4
    51 | D:1      | Reached skill level 1 in Conjurations
   368 | D:1      | Reached XP level 2. HP: 21/21 MP: 0/6
   436 | D:1      | Reached skill level 2 in Conjurations
  1351 | D:2      | Reached XP level 3. HP: 26/27 MP: 7/7
  1355 | D:2      | Learned a level 2 spell: Call Imp
  1593 | D:2      | Reached skill level 3 in Conjurations
  1809 | D:2      | Reached skill level 1 in Summonings
  1809 | D:2      | Reached XP level 4. HP: 7/35 MP: 8/8
  2164 | D:2      | Found a broken altar of Ashenzari.
  2183 | D:2      | Became a worshipper of Ashenzari the Shackled
  2482 | D:2      | Found a runed translucent door.
  2483 | D:2      | Noticed Crazy Yiuf
  3084 | D:2      | Killed Crazy Yiuf
  3084 | D:2      | Reached XP level 5. HP: 12/40 MP: 9/9
  4293 | D:3      | Reached skill level 4 in Conjurations
  4445 | D:3      | Learned a level 3 spell: Mephitic Cloud
  5045 | D:3      | Reached skill level 1 in Air Magic
  5178 | D:3      | Found a hide-covered altar of Uskayaw.
  5293 | D:3      | Gained mutation: You tend to lose your temper in combat.
                  | [potion of mutation]
  5293 | D:3      | Gained mutation: You are agile. (Dex +2) [potion of
                  | mutation]
  5367 | D:3      | Reached XP level 6. HP: 40/48 MP: 7/10
  5732 | D:3      | Reached skill level 1 in Poison Magic
  6697 | D:4      | Noticed Pikel
  7178 | D:4      | Found a shimmering blue altar of Sif Muna.
  7243 | D:4      | Learned a level 2 spell: Blink
  7358 | D:4      | Noticed Grinder
  7365 | D:4      | Paralysed by Grinder for 5 turns
  7393 | D:4      | Slain by Pikel

Illustrated notes

Levels and vault maps discovered:
D:1:      lightli_arrival_maybe_door_vault, layout_loops_ring
D:2:      layout_loops_ring, nicolae_overflow_crystal_walls, serial_undead,
          serial_undead_d, serial_undead_c, serial_undead_f, serial_undead_e,
          minmay_pentomino_w2, uniq_crazy_yiuf_cottage
D:3:      layout_basic, overflow_temple_1_default, serial_rivers,
          chequers_serial_rivers_marsh, chequers_serial_rivers_micro_b,
          chequers_serial_rivers_micro_a, chequers_serial_rivers_small_3,
          chequers_serial_rivers_small_b
D:4:      layout_cave_pools, led_sif_book, nicolae_overflow_hidden_temple,
          guppyfry_early_lair_pool, uniq_grinder, uniq_pikel

Skill      XL: |  1  2  3  4  5  6 |
---------------+-------------------+-----
Conjurations   | 1 2 3 4 |  4.2
Summonings     | 1 2 |  2.2
Air Magic      | 2 |  2.1
Poison Magic   | 2 |  2.8
Dodging        | |  1.5
Stealth        | |  1.2
Spellcasting   | |  3.0
Translocations | |  1.0

Action                   |  1- 3 |  4- 6 || total
-------------------------+-------+-------++-------
Melee: Dagger            |    10 |       ||    10
       Short sword       |   114 |   271 ||   385
       Tailslap          |     6 |    12 ||    18
 Cast: Magic Dart        |    18 |    47 ||    65
       Call Imp          |       |    12 ||    12
       Mephitic Cloud    |       |     1 ||     1
  Use: Potion            |     1 |     7 ||     8
 Stab: Sleeping          |     1 |       ||     1
Armor: Robe              |    55 |   150 ||   205
Dodge: Dodged            |   103 |   179 ||   282

Table legend: (Time is in decaauts)
 A = Elapsed time spent in this place.
 B = Non-inter-level travel time spent in this place.
 C = Inter-level travel time spent in this place.
 D = Time resting spent in this place.
 E = Time spent auto-exploring this place.
 F = Levels seen in this place.
 G = Mean time per level.
                   A        B        C        D        E       F      G
               +--------+--------+--------+--------+--------+-----+--------+
         Total |   7455 |   7340 |    115 |   3203 |   2925 |   4 | 1863.8 |
       Dungeon |   7455 |   7340 |    115 |   3203 |   2925 |   4 | 1863.8 |
               +--------+--------+--------+--------+--------+-----+--------+

Top non-repeatable levels by time:
     D:2: 3724 daAuts
     D:3: 2085 daAuts
     D:1: 1240 daAuts
     D:4: 404 daAuts
